Map: Triton LE

Players

Tran (MeomaikA)

  • Race: Zerg Zerg
  • Spawn Location: 5:00

Acampado (EnDerr) - Winner!

  • Race: Zerg Zerg
  • Spawn Location: 11:00

Event: SEA Games 2019

VOD

https://www.twitch.tv/videos/517630610?t=06h56m47s

Description

Time

  • Played on: Dec. 6, 2019, 2:02 a.m.
  • Length: 10:02

All games in this series

Show
View Real Time Build Order
Export as new Build Order

Tran Zerg 

Build Orders: Pool First 

Get SALT Encoding   

  12  0:00  Drone  
  13  0:08  Drone  
  14  0:16  Overlord  
  14  0:22  Extractor  
  14  0:23  Drone  
  15  0:34  Drone x2  
  17  0:44  Spawning Pool  
  17  0:47  Drone  
  17  1:07  Hatchery  
  17  1:10  Drone  
  17  1:14  Drone  
  17  1:15  Extractor  
  17  1:18  Drone  
  18  1:31  Queen  
  18  1:32  Drone  
  21  1:38  Overlord  
  21  1:55  Zergling x2  
  21  1:58  Drone  
  23  2:06  Queen  
  25  2:09  Drone  
  25  2:15  Metabolic Boost  
  26  2:19  Queen  
  26  2:20  Drone  
  26  2:22  Drone  
  30  2:30  Drone  
  30  2:31  Drone  
  32  2:40  Drone  
  32  2:41  Drone  
  32  2:42  Roach Warren  
  33  2:44  Drone  
  33  2:46  Drone  
  33  2:50  Drone  
  35  2:55  Overlord  
  35  3:02  Overlord  
  35  3:24  Roach x7  
  48  3:29  Zergling x6  
  48  3:32  Overlord  
  51  3:38  Overlord  
  51  3:43  Overlord  
  51  3:52  Zergling x2  
  51  3:53  Zergling x4  
  53  3:58  Zergling x6  
  53  4:02  Zergling x4  
  58  4:03  Zergling x4  
  58  4:06  Overlord  
  60  4:13  Zergling x2  
  62  4:17  Zergling x2  
  62  4:19  Queen  
  62  4:24  Zergling x2  
  65  4:26  Zergling x2  
  65  4:27  Zergling x6  
  65  4:35  Zergling x2  
  65  4:36  Zergling x6  
  68  4:40  Zergling x2  
  68  4:44  Ravager  
  68  4:45  Ravager  
  65  4:46  Ravager  
  65  4:47  Zergling x2  
  65  4:50  Zergling x2  
  55  4:57  Roach, Zergling x4  
  48  5:01  Queen, Roach  
  48  5:04  Roach  
  48  5:06  Roach  
  56  5:08  Roach  
  58  5:18  Roach  
  59  5:27  Roach  
  51  5:29  Zergling x8  
  51  5:30  Zergling x2  
  51  5:33  Zergling x6  
  58  5:38  Zergling x2  
  58  5:40  Zergling x2  
  58  5:48  Zergling x2  
  61  5:52  Zergling x2  
  61  5:53  Zergling x6  
  65  6:00  Zergling x2  
  66  6:04  Drone  
  65  6:12  Overlord  
  65  6:14  Drone  
  65  6:15  Extractor  
  62  6:20  Hatchery, Zergling x4  
  62  6:21  Zergling x4  
  50  6:28  Drone  
  50  6:31  Queen  
  55  6:33  Roach  
  55  6:38  Roach x2  
  59  6:40  Roach  
  59  6:43  Roach  
  59  6:46  Roach  
  65  6:50  Roach  
  65  6:52  Roach  
  69  6:55  Roach  
  69  6:59  Roach  
  73  7:06  Zergling x6  
  73  7:07  Zergling x4  
  78  7:12  Zergling x2  
  79  7:22  Overlord  
  78  7:27  Overlord  
  78  7:37  Overlord  
  78  7:39  Queen x2  
  78  7:40  Zergling x4  
  84  7:49  Zergling x4  
  86  7:52  Zergling x2  
  86  7:54  Zergling x4  
  86  7:55  Zergling x2  
  90  8:00  Zergling x6  
  89  8:05  Zergling x2  
  89  8:07  Zergling x2  
  89  8:12  Zergling x2  
  85  8:15  Queen  
  85  8:17  Zergling x2  
  82  8:24  Zergling x2  
  52  8:35  Extractor  
  49  8:47  Zergling x2  
  46  8:50  Zergling x4  
Show
View Real Time Build Order
Export as new Build Order

Acampado Zerg - Winner!

Build Orders: Hatch First 

Get SALT Encoding   

  12  0:00  Drone  
  13  0:12  Overlord  
  13  0:17  Drone  
  14  0:30  Drone x2  
  16  0:48  Hatchery  
  15  0:51  Drone  
  15  0:55  Drone  
  17  0:59  Drone  
  18  1:09  Extractor  
  17  1:15  Spawning Pool  
  17  1:18  Drone  
  17  1:22  Drone  
  18  1:30  Drone  
  19  1:44  Drone  
  20  1:50  Drone  
  21  2:01  Zergling x2  
  21  2:02  Queen x2, Zergling x2  
  27  2:11  Metabolic Boost  
  27  2:18  Drone, Overlord  
  28  2:37  Hatchery  
  28  2:38  Drone x2  
  29  2:44  Overlord  
  29  2:52  Zergling x6  
  32  2:59  Zergling x2  
  33  3:10  Zergling x4  
  35  3:13  Zergling x6  
  35  3:15  Zergling x4  
  35  3:16  Zergling x2  
  35  3:19  Zergling x2  
  42  3:20  Zergling x2  
  42  3:29  Zergling x2  
  43  3:36  Queen, Extractor  
  43  3:38  Overlord x2  
  45  3:53  Zergling x2  
  45  3:54  Zergling x14  
  49  4:00  Zergling x2  
  50  4:04  Zergling x4  
  52  4:17  Zergling x2  
  52  4:18  Zergling x8  
  52  4:20  Overlord  
  56  4:25  Zergling x4  
  56  4:30  Zergling x2  
  55  4:32  Zergling x4  
  55  4:36  Zergling x2  
  57  4:39  Zergling x2  
  57  4:43  Zergling x2  
  57  4:44  Zergling x4  
  57  4:47  Zergling x2  
  57  4:48  Zergling x4  
  57  4:52  Zergling x2  
  52  4:53  Zergling x2  
  52  4:55  Zergling x2  
  52  4:58  Zergling x2  
  53  5:01  Zergling x4  
  53  5:05  Zergling x2  
  57  5:07  Zergling x2  
  57  5:08  Zergling x2  
  57  5:11  Zergling x2  
  57  5:15  Zergling x2  
  57  5:16  Zergling x2  
  55  5:24  Baneling Nest  
  55  5:25  Zergling x2  
  55  5:28  Zergling x2  
  46  5:29  Drone  
  45  5:36  Zergling x6  
  45  5:38  Zergling x2  
  45  5:40  Zergling x2  
  48  5:48  Drone x2  
  50  5:51  Zergling x2  
  50  5:53  Zergling x4  
  52  5:59  Overlord  
  52  6:02  Zergling x2  
  53  6:07  Zergling x2  
  53  6:08  Baneling x3  
  53  6:09  Baneling  
  54  6:13  Overlord  
  52  6:18  Zergling x2  
  52  6:22  Zergling x2  
  49  6:31  Zergling x2  
  49  6:32  Zergling x8  
  50  6:37  Baneling x4  
  51  6:40  Zergling x2  
  51  6:41  Zergling x2  
  51  6:46  Zergling x2  
  51  6:53  Zergling x8  
  55  7:01  Zergling x6  
  58  7:03  Zergling x2  
  58  7:05  Baneling x2  
  59  7:10  Zergling x4  
  59  7:14  Zergling x2  
  60  7:21  Baneling x7  
  58  7:25  Zergling x2  
  58  7:28  Zergling x2  
  58  7:29  Zergling x2  
  61  7:32  Zergling x4  
  61  7:36  Zergling x2  
  64  7:38  Zergling x2  
  65  7:48  Zergling x2  
  66  7:58  Zergling x4  
  64  7:59  Zergling x2  
  64  8:02  Zergling x2  
  64  8:05  Zergling x2  
  64  8:06  Zergling x2  
  64  8:08  Zergling x2  
  65  8:13  Drone  
  65  8:14  Zergling x6  
  65  8:16  Zergling x4  
  56  8:24  Zergling x2  
  48  8:30  Zergling x2  
  48  8:32  Zergling x6  
  49  8:35  Zergling x4  
  49  8:40  Zergling x2  
  43  8:41  Extractor  
  43  8:45  Zergling x2  
  30  8:51  Zergling x2  
Tags
 
Add a new tag
Caveats
  • Supply blocks, unpowered buildings, or Contaminate may cause inaccurate times.
  • Supply counts are checked every 10 seconds.